 Dungeon Crawl Stone Soup version 0.19.4-10-g532645f (webtiles) character file.

1719 Rrauwl the Grave Robber (level 8, -1/69 HPs)
             Began as a Deep Dwarf Necromancer on Feb 25, 2017.
             Slain by an unseen horror (8 damage)
             ... on level 6 of the Dungeon.
             The game lasted 00:53:55 (5693 turns).

Rrauwl the Grave Robber (Deep Dwarf Necromancer)    Turns: 5693, Time: 00:53:55

Health: -1/69      AC:  4    Str: 11    XL:     8   Next: 75%
Magic:  8/14       EV: 15    Int: 19    God:
Gold:   230        SH:  6    Dex: 13    Spells: 4 memorised, 3 levels left

rFire  + . .     SeeInvis .     r - +0 dire flail (protect)
rCold  + . .     Gourm    .     a - +1 robe
rNeg   + . .     Faith    .     (shield currently unavailable)
rPois  +         Spirit   .     (no helmet)
rElec  +         Reflect  +     j - +0 cloak
rCorr  +         Harm     .     (no gloves)
MR     +....                    (no boots)
Stlth  ++........               g - +6 amulet of reflection
                                (no ring)
                                e - ring of positive energy

@: resistant, non-regenerating
A: damage resistance, recharge devices, sense surroundings 1, slow regeneration
3
a: Device Recharging


You were on level 6 of the Dungeon.
You were not hungry.

You visited 1 branch of the dungeon, and saw 6 of its levels.

You collected 230 gold pieces.

Inventory:

Hand Weapons
 r - a +0 dire flail of protection (weapon)
Missiles
 o - 8 poisoned tomahawks (quivered)
Armour
 a - a +1 robe (worn)
 j - a +0 cloak (worn)
Jewellery
 e - a ring of positive energy (left hand)
 f - a +3 amulet of reflection
 g - a +6 amulet of reflection (around neck)
Wands
 c - a wand of heal wounds (0/9)
 k - a wand of iceblast (5/15)
 q - a wand of iceblast (1/15)
 s - a wand of lightning (0/15)
Scrolls
 h - 2 scrolls of enchant armour
 p - 4 scrolls of remove curse
Books
 b - a book of Necromancy

   Spells                             Type                      Level
   a - Pain                           Necromancy                   1
   b - Animate Skeleton               Necromancy                   1
   c - Vampiric Draining              Necromancy                   3
   d - Regeneration                   Charms/Necromancy            3
   e - Animate Dead                   Necromancy                   4
   f - Control Undead                 Necromancy                   4
Comestibles
 i - 5 meat rations
 n - a chunk of flesh


   Skills:
 - Level 3.0 Fighting
 - Level 2.0 Throwing
 + Level 4.6 Armour
 + Level 5.9 Dodging
 - Level 4.0 Stealth
 + Level 4.4 Spellcasting
 + Level 5.9 Necromancy
 + Level 5.1 Evocations


You had 3 spell levels left.
You knew the following spells:

 Your Spells              Type           Power        Failure   Level  Hunger
a - Pain                  Necr           ####         1%          1    None
b - Vampiric Draining     Necr           ####......   3%          3    ###....
c - Animate Dead          Necr           N/A          12%         4    ####...
d - Control Undead        Necr           ####......   12%         4    ####...


Dungeon Overview and Level Annotations

Branches:
Dungeon (6/15)
 Temple: D:4-7

Altars:
Ashenzari
Cheibriados
Elyvilon
Fedhas
Trog
Vehumet
Yredelemnul
Zin
The Shining One

Shops:
D:4 [

Annotations:
D:5 exclusion: statue


Innate Abilities, Weirdness & Mutations

You are resistant to damage.
You can recharge devices by infusing magical energy.
You passively map a small area around you.
You do not regenerate.


Message History

Zapping:
c - a wand of heal wounds (2/9)
Press: ? - help, Shift-Dir - straight line, f - you You feel much better.
This wand has 1 charge left.
Something hits you! Something hits you.
Evoke which item? (* to show all) (? for menu, Esc to quit)
Zapping:
c - a wand of heal wounds (1/9)
Press: ? - help, Shift-Dir - straight line, f - you You feel much better.
This wand has 0 charges left.
Something hits you! Something hits you but does no damage.
You miss something. Something hits you! Something hits you!
* * * LOW HITPOINT WARNING * * *
Something barely misses you. You block something's attack. Something hits you!
* * * LOW HITPOINT WARNING * * *
Something hits you.
* * * LOW HITPOINT WARNING * * *
You feel protected. Something hits you!
You die...

....p.......##.....####....(#
,, ....................#
*.#... ............#####.#.#
....., , ............>.#
#.#.###..###.
............#.###............
,
...............###...........
........######.# ###..##.....
........# #.#####......... ,
........# #..@..#..#......
#####.### #.###.............
#.# #..##.†........... #.#
##.##)###........Kp, ##.#
###..#.###.......#..p #..#
#........#........#.# #.##
#..............#...# ####.#
#........##.....#..# #....#
#........##..#...#


There were no monsters in sight!

Vanquished Creatures
  Pikel (D:6)
  Grinder (D:5)
  Edmund (D:6)
  3 slaves (D:6)
  A necrophage (D:5)
  A centaur (D:5)
  A phantom (D:4)
  A bullfrog (D:6)
  A scorpion (D:4)
  3 hounds (D:4)
  A jelly (D:5)
  2 orc priests
  A bullfrog skeleton (D:4)
  3 orc wizards (D:4)
  Ijyb (D:3)
  4 worker ants
  A hound skeleton (D:4)
  A worker ant zombie (D:5)
  6 adders
  An ooze (D:3)
  An adder skeleton (D:5)
  A worm (D:3)
  9 leopard geckos
  11 orcs
  A ball python (D:3)
  9 giant cockroaches
  8 goblins
  4 hobgoblins
  2 jackals (D:3)
  3 quokkas
  6 bats
  4 frilled lizards
  A jackal skeleton (D:4)
  5 kobolds
  A quokka skeleton (D:4)
  8 rats
109 creatures vanquished.

Vanquished Creatures (collateral kills)
  A shadow imp (D:5)
  A spectral orc (D:5)
2 creatures vanquished.

Vanquished Creatures (others)
  A bullfrog (D:6)
1 creature vanquished.

Grand Total: 112 creatures vanquished

Notes
Turn   | Place    | Note
-------+----------+-------------------------------------------
     0 | D:1      | Rrauwl the Deep Dwarf Necromancer began the quest for the Orb.
     0 | D:1      | Reached XP level 1. HP: 15/15 MP: 3/3
   302 | D:1      | Reached XP level 2. HP: 16/22 MP: 1/4
   518 | D:1      | Reached skill level 1 in Evocations
   878 | D:2      | Found a snail-covered altar of Cheibriados.
   987 | D:2      | Reached XP level 3. HP: 19/28 MP: 2/6
  1039 | D:2      | Learned a level 3 spell: Vampiric Draining
  1211 | D:2      | Found a blossoming altar of Fedhas.
  1211 | D:2      | Found a shattered altar of Ashenzari.
  1406 | D:2      | Found a bloodstained altar of Trog.
  1807 | D:3      | Reached XP level 4. HP: 32/36 MP: 3/7
  1855 | D:3      | Noticed Ijyb
  1925 | D:3      | Killed Ijyb
  2269 | D:3      | Reached skill level 1 in Fighting
  2269 | D:3      | Reached skill level 5 in Necromancy
  2269 | D:3      | Reached XP level 5. HP: 31/44 MP: 0/8
  2282 | D:3      | Learned a level 4 spell: Animate Dead
  2628 | D:4      | Found Ipnewn's Antique Armour Shoppe.
  2664 | D:4      | Reached skill level 1 in Armour
  2707 | D:4      | Reached XP level 6. HP: 21/51 MP: 1/10
  3259 | D:4      | Found a glowing golden altar of the Shining One.
  3259 | D:4      | Found a white marble altar of Elyvilon.
  3260 | D:4      | Found a glowing silver altar of Zin.
  3611 | D:4      | Learned a level 1 spell: Pain
  3618 | D:4      | Reached XP level 7. HP: 53/61 MP: 1/11
  4078 | D:5      | Entered Level 5 of the Dungeon
  4308 | D:5      | Noticed Grinder
  4340 | D:5      | Killed Grinder
  4340 | D:5      | Reached skill level 1 in Throwing
  4444 | D:5      | Found a radiant altar of Vehumet.
  4611 | D:5      | Found a basalt altar of Yredelemnul.
  5015 | D:5      | Reached skill level 5 in Dodging
  5049 | D:5      | Learned a level 4 spell: Control Undead
  5063 | D:5      | Reached XP level 8. HP: 61/66 MP: 0/13
  5260 | D:6      | Found a blossoming altar of Fedhas.
  5457 | D:6      | Noticed Pikel
  5588 | D:6      | Noticed Edmund
  5612 | D:6      | Killed Pikel
  5639 | D:6      | Killed Edmund
  5639 | D:6      | Reached skill level 5 in Evocations
  5693 | D:6      | Slain by an unseen horror

Skill      XL: |  1  2  3  4  5  6  7  8 |
---------------+-------------------------+-----
Evocations     | 1 2 3 5 |  5.1
Spellcasting   | 2 3 4 |  4.4
Stealth        | 3 4 |  4.0
Dodging        | 3 4 5 |  5.9
Fighting       | 1 2 3 |  3.0
Necromancy     | 5 |  5.9
Armour         | 1 2 3 4 |  4.6
Throwing       | 2 |  2.0

Action                   |  1- 3 |  4- 6 |  7- 9 || total
-------------------------+-------+-------+-------++-------
Melee: Unarmed           |    78 |       |       ||    78
       Dagger            |     1 |   175 |   156 ||   332
       Dire flail        |       |       |    10 ||    10
 Cast: Pain              |    58 |    59 |    37 ||   154
       Vampiric Draining |     6 |    18 |    22 ||    46
       Animate Dead      |       |     2 |     4 ||     6
       Control Undead    |       |       |     1 ||     1
Evoke: Wand              |       |       |    15 ||    15
  Use: Scroll            |     1 |     5 |     4 ||    10
       Potion            |       |     5 |     3 ||     8
 Stab: Sleeping          |     1 |     3 |     1 ||     5
       Distracted        |       |     1 |       ||     1
  Eat: Chunk             |     3 |     2 |     5 ||    10
       Bread ration      |     1 |     1 |     1 ||     3
Armor: Robe              |    26 |    17 |    15 ||    58
Dodge: Dodged            |    54 |    89 |    61 ||   204
Block: Other             |    17 |    37 |    42 ||    96
       Reflection        |       |       |     1 ||     1
